 Dungeon Crawl Stone Soup version 0.29-a0-1006-g0dd7720b37 (webtiles) character file.

Game seed: 579672635842454169

7 BlueGoblin the Shooter (level 2, -1/17 HPs)
             Began as a Tengu Hunter on Aug 6, 2022.
             Succumbed to a kobold's poison
             ... on level 1 of the Dungeon.
             The game lasted 00:00:32 (73 turns).

BlueGoblin the Shooter (Tengu Hunter)                 Turns: 73, Time: 00:00:33

Health: -1/17      AC:  3    Str: 11    XL:     2   Next: 0%
Magic:  3/3        EV: 12    Int:  9    God:
Gold:   31         SH:  0    Dex: 17    Spells: 1/1 levels left

rFire   . . .      SeeInvis .   a - +0 shortbow
rCold   . . .      Faith    .   (shield currently unavailable)
rNeg    . . .      Spirit   .   c - +0 leather armour
rPois   .          Reflect  .   (helmet restricted)
rElec   .          Harm     .   (no cloak)
rCorr   .          Rampage  .   (no gloves)
Will    .....                   (boots unavailable)
Stlth   ++........              (no amulet)
HPRegen 0.05/turn               (no ring)
MPRegen 0.08/turn               (no ring)

@: brilliant, lethally poisoned (-1 -> -13)
A: beak, talons 3
a: no special abilities


You were on level 1 of the Dungeon.
You visited 1 branch of the dungeon, and saw 1 of its levels.

You collected 31 gold pieces.

Inventory:

Hand Weapons
 a - a +0 shortbow (weapon)
Armour
 c - a +0 leather armour (worn)
Scrolls
 b - a scroll of immolation
 d - a scroll of acquirement {unknown}


   Skills:
 + Level 2.3 Fighting
 + Level 4.6 Ranged Weapons
 + Level 2.2 Dodging
 + Level 1.0 Stealth


You had one spell level left.
You didn't know any spells.
Your spell library was empty.

Dungeon Overview and Level Annotations

Branches:
Dungeon (1/15)

Altars:


Innate Abilities, Weirdness & Mutations

You have a beak for a mouth.
You have claws for feet.


Message History

You shoot an arrow. The arrow hits the kobold!
You kill the kobold!
No target in view!
No target in view!
A kobold and a rat come into view.
The kobold is wielding a +1 dagger of venom.
There are monsters nearby!
There are monsters nearby!
You shoot an arrow. The arrow closely misses the rat.
You shoot an arrow. The arrow closely misses the rat.
You shoot an arrow. The arrow hits the rat!
You kill the rat!
You shoot an arrow. The arrow closely misses the kobold.
You shoot an arrow. The arrow closely misses the kobold.
The kobold hits you with a +1 dagger of venom.
You shoot an arrow. The arrow hits the kobold.
The kobold is heavily wounded.
The kobold hits you with a +1 dagger of venom.
You are poisoned.
You shoot an arrow.
The arrow hits the kobold but does no damage.
The kobold is heavily wounded.
You feel very sick. The kobold closely misses you.
You are too injured to fight recklessly!
You are too injured to fight recklessly!
It was a potion of brilliance.
You feel clever all of a sudden.
You feel sick. The kobold hits you but does no damage.
You are lethally poisoned!
Fire: a) +0 shortbow
Press: ? - help, Shift-Dir - straight line, f/p - kobold
Aim: a kobold, wielding a +1 dagger of venom (heavily wounded, 56% to hit)
You shoot an arrow. The arrow hits the kobold!
You kill the kobold!
* * * LOW HITPOINT WARNING * * *
You feel very sick.
You have reached level 2!
You feel more clever all of a sudden.
You die...

#.........# #.#
######.######.########.#
#........[..#......##..#
.....................##
..).................##
###..$..............#
#...................#
#...................#
#8#.>.@.............#
#...).............#
#................##
#...............##
#.†....###...## ........
##.. #.........
#........#.


There were no monsters in sight!

Vanquished Creatures
  An endoplasm (D:1)
  A hobgoblin (D:1)
  2 kobolds (D:1)
  A frilled lizard (D:1)
  A rat (D:1)
6 creatures vanquished.

Notes
Turn   | Place    | Note
-------+----------+-------------------------------------------
     0 | D:1      | BlueGoblin the Tengu Hunter began the quest for the Orb.
     0 | D:1      | Reached XP level 1. HP: 12/12 MP: 2/2
    73 | D:1      | Reached XP level 2. HP: 2/17 MP: 3/3
    73 | D:1      | Succumbed to a kobold's poison

Illustrated notes

Levels and vault maps discovered:
D:1:      mainiacjoe_arrival_reflecting_pool, layout_rooms,
          shapermc_ecumenical_altar_mp_vishouse

Action                   || total
-------------------------++-------
 Fire: Shortbow          ||    18
  Use: Potion            ||     2
Armor: Leather armour    ||     1
Dodge: Dodged            ||     1

Table legend: (Time is in decaauts)
 A = Elapsed time spent in this place.
 B = Non-inter-level travel time spent in this place.
 C = Inter-level travel time spent in this place.
 D = Time resting spent in this place.
 E = Time spent auto-exploring this place.
 F = Levels seen in this place.
 G = Mean time per level.
                   A        B        C        D        E       F      G
               +--------+--------+--------+--------+--------+-----+--------+
         Total |     77 |     77 |      0 |      0 |     46 |   1 |   77.0 |
       Dungeon |     77 |     77 |      0 |      0 |     46 |   1 |   77.0 |
               +--------+--------+--------+--------+--------+-----+--------+

Top non-repeatable levels by time:
     D:1: 77 daAuts
